 Dungeon Crawl Stone Soup version 0.21.1-1-g345015fe64 (webtiles) character file.

769 rbetra the Digger (level 7, -9/36 HPs)
             Began as a Gargoyle Earth Elementalist on May 30, 2018.
             Killed by divine providence
             ... invoked by an orc priest
              (13 damage)
             ... on level 5 of the Dungeon.
             The game lasted 01:16:47 (5868 turns).

rbetra the Digger (Gargoyle Earth Elementalist)     Turns: 5868, Time: 01:16:48

Health: -9/36      AC:  7    Str: 12    XL:     7   Next: 82%
Magic:  6/14       EV: 12    Int: 17    God:
Gold:   270        SH:  0    Dex: 10    Spells: 5/16 levels left

rFire    . . .     SeeInvis .   n - +0 mace
rCold    + . .     Gourm    .   (no shield)
rNeg     + . .     Faith    .   c - +1 robe
rPois    ∞         Spirit   .   (no helmet)
rElec    +         Reflect  .   (no cloak)
rCorr    +         Harm     .   (no gloves)
MR       .....                  (no boots)
Stlth    ++........             (no amulet)
HPRegen  0.12/turn              i - ring of protection from cold
MPRegen  0.14/turn              r - ring of resist corrosion

@: no status effects
A: negative energy resistance 1, electricity resistance, unbreathing,
petrification resistance, rot immunity, AC +4
a: no special abilities


You were on level 5 of the Dungeon.
You were not hungry.

You visited 1 branch of the dungeon, and saw 5 of its levels.

You collected 270 gold pieces.

Inventory:

Hand Weapons
 f - a +0 whip
 h - a +0 club
 m - a +0 spear
 n - a +0 mace (weapon)
 u - a +1 mace of protection
 v - a +0 whip
 y - a +0 hunting sling
 B - a +0 flail
Missiles
 b - 81 stones (quivered)
Armour
 c - a +1 robe (worn)
 k - a +0 buckler
 w - a +0 animal skin
 x - a +0 helmet
 z - a +0 robe
Jewellery
 i - a ring of protection from cold (left hand)
 r - a ring of resist corrosion (right hand)
 t - an uncursed ring of positive energy
Wands
 p - a wand of digging (7)
 C - a wand of polymorph (27)
 D - a wand of iceblast (12)
Scrolls
 o - a scroll of enchant armour
 A - a scroll of amnesia
 I - 2 scrolls of fog
Potions
 a - a potion of flight {unknown}
 g - 2 potions of curing {unknown}
 j - a potion of might {unknown}
 l - a potion of mutation {unknown}
 q - a potion of agility {unknown}
 s - 2 potions of haste {unknown}
 E - a potion of invisibility {unknown}
 F - a potion of berserk rage {unknown}
 G - a potion of heal wounds {unknown}
Books
 e - a book of Geomancy

   Spells                             Type                      Level
   a - Sandblast                      Earth                        1
   b - Passwall                       Transmutation/Earth          2
   c - Stone Arrow                    Conjuration/Earth            3
   d - Petrify                        Transmutation/Earth          4
   e - Lee's Rapid Deconstruction     Earth                        5
Comestibles
 d - 7 rations


   Skills:
 - Level 1.5 Dodging
 - Level 2.1 Stealth
 + Level 5.2 Spellcasting
 - Level 3.7 Conjurations
 - Level 0.7 Transmutations
 + Level 7.3 Earth Magic


You had 5 spell levels left.
You knew the following spells:

 Your Spells              Type           Power        Failure   Level  Hunger
a - Sandblast             Erth           ####..       1%          1    None
b - Passwall              Tmut/Erth      ###.......   4%          2    #......
c - Stone Arrow           Conj/Erth      ###...       4%          3    ###....
d - Lee's Rapid Deconstr  Erth           ####......   19%         5    ######.


Dungeon Overview and Level Annotations

Branches:
Dungeon (5/15)
 Temple: D:4-7

Altars:
Dithmenos
Elyvilon
Wu Jian


Innate Abilities, Weirdness & Mutations

You are resistant to torment.
Your stone body is resilient. (AC +4)
You are immune to poison.
You resist negative energy. (rN+)
You are resistant to electric shocks. (rElec)
You can survive without breathing.
You are immune to petrification.
You are immune to rotting.


Message History

The orc priest is severely wounded.
The orc priest hits you with a flail. The orc barely misses you.
You hit the orc priest but do no damage.
The orc priest is severely wounded.
The orc hits you from afar with an enchanted trident.
The orc priest hits you with a flail!
You hit the orc priest but do no damage.
The orc priest is severely wounded.
The orc hits you from afar with an enchanted trident.
* * * LOW HITPOINT WARNING * * *
The orc priest hits you with a flail.
* * * LOW HITPOINT WARNING * * *
The orc hits you from afar with an enchanted trident.
* * * LOW HITPOINT WARNING * * *
The orc priest barely misses you.
The orc priest looks satisfied for a moment.
The orc priest looks satisfied for a moment.
The orc priest calls down the wrath of Beogh upon you.
Beogh smites you!
You die...

##.#### ##...#......##
#..##.# #...#..#####
#.#...# #...#..# .....##
#......### ....##
#........##### ...##
#........§§§.### .###
##........§§.§..## ##
#................# #
######.@..............#
###
###o..o..#..............#
..###
##.......###.............#
....###........#
##............#
###............##
#............#
###...........#
####.........##
##..........# ##########.#
#..........# ###
##........##


You could see an orc priest and an orc.

Vanquished Creatures
  An ogre (D:5)
  A phantom (D:4)
  2 scorpions
  A howler monkey (D:4)
  A crimson imp (D:5)
  An orc priest (D:5)
  2 hounds
  2 orc wizards
  2 worker ants
  Robin (D:3)
  A worker ant zombie (D:5)
  8 adders
  An adder skeleton (D:4)
  4 worms
  A dart slug (D:1)
  2 leopard geckos
  14 orcs
  2 ball pythons
  7 bats
  7 giant cockroaches
  13 goblins
  13 hobgoblins
  2 jackals (D:5)
  13 kobolds
  A quokka (D:3)
  3 frilled lizards
  A quokka skeleton (D:5)
  7 rats
114 creatures vanquished.

Notes
Turn   | Place    | Note
-------+----------+-------------------------------------------
     0 | D:1      | rbetra the Gargoyle Earth Elementalist began the quest for the Orb.
     0 | D:1      | Reached XP level 1. HP: 10/10 MP: 3/3
   328 | D:1      | Reached skill level 4 in Earth Magic
   328 | D:1      | Reached XP level 2. HP: 15/15 MP: 3/5
   370 | D:1      | Learned a level 2 spell: Passwall
  1098 | D:1      | Reached XP level 3. HP: 19/19 MP: 2/6
  1197 | D:1      | Learned a level 3 spell: Stone Arrow
  1714 | D:2      | Reached skill level 1 in Conjurations
  1714 | D:2      | Reached XP level 4. HP: 24/24 MP: 0/8
  2176 | D:3      | Found a shadowy altar of Dithmenos.
  2500 | D:3      | Reached skill level 5 in Earth Magic
  2769 | D:3      | Reached XP level 5. HP: 28/28 MP: 7/9
  3156 | D:3      | Noticed Robin
  3515 | D:3      | Killed Robin
  3865 | D:4      | Reached XP level 6. HP: 26/32 MP: 1/11
  4158 | D:4      | Found a white marble altar of Elyvilon.
  4379 | D:4      | Noticed a phantom
  4515 | D:4      | Killed a phantom
  4515 | D:4      | Reached skill level 6 in Earth Magic
  4515 | D:4      | Reached XP level 7. HP: 36/36 MP: 6/13
  4822 | D:4      | Learned a level 5 spell: Lee's Rapid Deconstruction
  4827 | D:5      | Entered Level 5 of the Dungeon
  4993 | D:5      | Found an ornate altar of the Wu Jian Council.
  5214 | D:5      | Reached skill level 5 in Spellcasting
  5214 | D:5      | Reached skill level 7 in Earth Magic
  5847 | D:5      | HP: 1/36 [orc/enchanted trident (3)]
  5868 | D:5      | Killed from afar by an orc priest

Skill      XL: |  1  2  3  4  5  6  7 |
---------------+----------------------+-----
Earth Magic    | 4 5 6 7 |  7.3
Spellcasting   | 3 4 5 |  5.2
Conjurations   | 1 2 3 |  3.7
Dodging        | |  1.5
Stealth        | |  2.1
Transmutations | |  0.7

Action                   |  1- 3 |  4- 6 |  7- 9 || total
-------------------------+-------+-------+-------++-------
Melee: Unarmed           |    24 |       |       ||    24
       Mace              |       |     6 |     9 ||    15
 Cast: Sandblast         |    62 |    84 |    39 ||   185
       Stone Arrow       |       |     2 |     8 ||    10
  Use: Scroll            |     2 |     5 |     4 ||    11
  Eat: Chunk             |     3 |     6 |       ||     9
       Ration            |       |     1 |     1 ||     2
Armor: Robe              |     6 |    25 |     8 ||    39
Dodge: Dodged            |    28 |    32 |    17 ||    77
